 Dungeon Crawl Stone Soup version 0.24-a0-809-g71cb82dfb8 (webtiles) character file.

Game seed: 6665758496102168879, levelgen mode: deterministic

806504 DEFE the Pyromancer (level 27, -1/209 HPs)
             Began as a Demigod Wizard on Oct 10, 2019.
             Killed from afar by a red draconian knight (9 damage)
             ... with a shard of ice
             ... on level 27 of a ziggurat on Oct 11, 2019.
             The game lasted 04:31:56 (113803 turns).

DEFE the Pyromancer (Demigod Wizard)              Turns: 113803, Time: 04:31:58

Health: -1/209     AC: 23    Str:  7 (10) XL:     27
Magic:  1/62       EV: 23    Int: 49      God:
Gold:   2566       SH: 10    Dex: 28      Spells: 3/66 levels left

rFire    + . .     SeeInvis +   O - staff of energy
rCold    + + +     Gourm    .   X - +3 buckler {rPois}
rNeg     + . .     Faith    .   h - +2 robe {rC+ rF+}
rPois    +         Spirit   .   E - +2 helmet {Int+3}
rElec    +         Reflect  .   t - +2 cloak "Wewi Fad" {rC+ Str+2}
rCorr    .         Harm     .   P - +2 pair of gloves of Xuugakech {rElec rN+ Str-2 Int+6}
MR       ++...     Clarity  +   m - +2 pair of boots of Distant Worlds {Dex+5}
Stlth    +++.......             z - amulet "Jer Ogy" {RegenMP rC+ Dex+4 Stlth+}
HPRegen  0.44/turn              x - ring "Eptar" {MP+9 Dex+5 Stlth-}
MPRegen  0.63/turn              L - +5 ring of protection

@: hasted, studying Dodging, very quick
A: talons 1, molten scales 1, see invisible, clarity, high mp 1
}: 3/15 runes: serpentine, barnacled, silver
a: no special abilities


You were on level 27 of a ziggurat.
You were not hungry.

You visited 10 branches of the dungeon, and saw 48 of its levels.
You visited 1 ziggurat, and saw 27 of its levels.
You also visited: Sewer and Volcano.

You collected 9931 gold pieces.
You spent 7365 gold pieces at shops.

Inventory:

Hand Weapons
 D - a +5 demon whip of electrocution
Missiles
 F - 2 curare-tipped darts (quivered)
Armour
 h - a +2 robe of resistance (worn)
 m - the +2 pair of boots of Distant Worlds (worn) {Dex+5}
   (You found it on level 5 of the Vaults)

   It affects your dexterity (+5).
 t - the +2 cloak "Wewi Fad" (worn) {rC+ Str+2}
   (You found it on level 3 of the Elven Halls)

   It affects your strength (+2).
   It protects you from cold.
 E - a +2 helmet of intelligence (worn)
 M - the +3 hat of Pondering {ponderous, MR+ MP+10 Int+5}
   (You found it on level 25 of a ziggurat)

   It affects your intelligence (+5).
   It affects your resistance to hostile enchantments.
   It affects your magic capacity (+10).
 P - the +2 pair of gloves of Xuugakech (worn) {rElec rN+ Str-2 Int+6}
   (You found it on level 10 of the Dungeon)

   It affects your strength (-2).
   It affects your intelligence (+6).
   It insulates you from electricity.
   It protects you from negative energy.
 R - the cursed +0 pair of boots of the Curious Eyes {rF+}
   (You found it on level 21 of a ziggurat)

   It protects you from fire.
   It has a curse placed upon it.
 V - the +2 hat of Fuasch {*Corrode rPois MR+ Str+3}
   (You acquired it on level 3 of the Snake Pit)

   It affects your strength (+3).
   It protects you from poison.
   It affects your resistance to hostile enchantments.
   It may corrode you when you take damage.
 X - a +3 buckler of poison resistance (worn)
 Z - a scarf of repulsion
Magical Staves
 a - an uncursed staff of conjuration
 b - an uncursed staff of fire
 f - an uncursed staff of air
 v - an uncursed staff of earth
 H - an uncursed staff of wizardry
 O - an uncursed staff of energy (weapon)
Jewellery
 x - the ring "Eptar" (left hand) {MP+9 Dex+5 Stlth-}
   (You took it off a deep elf elementalist on level 3 of the Elven Halls)

   [ring of magical power]

   It affects your dexterity (+5).
   It affects your magic capacity (+9).
   It makes you less stealthy.
 z - the amulet "Jer Ogy" (around neck) {RegenMP rC+ Dex+4 Stlth+}
   (You found it on level 25 of a ziggurat)

   [amulet of magic regeneration]

   It increases your magic regeneration.
   It affects your dexterity (+4).
   It protects you from cold.
   It makes you more stealthy.
 L - a +5 ring of protection (right hand)
 Q - the amulet of the Four Winds {rN+ MR+++ Clar}
   (You found it on level 6 of the Lair of Beasts)

   [amulet of nothing]

   It protects you from negative energy.
   It affects your resistance to hostile enchantments.
   It protects you against confusion.
Wands
 i - a wand of digging (12)
Scrolls
 e - 27 scrolls of teleportation
 j - 8 scrolls of identify
 p - 9 scrolls of fear
 q - 7 scrolls of holy word
 w - 14 scrolls of amnesia
 y - 24 scrolls of remove curse
 A - 18 scrolls of fog
 G - 12 scrolls of magic mapping
 K - 5 scrolls of immolation
 Y - 11 scrolls of enchant armour
Potions
 c - 2 potions of haste
 g - 7 potions of brilliance
 k - 18 potions of curing
 o - 12 potions of lignification
 r - 4 potions of invisibility
 s - 7 potions of might
 u - 6 potions of flight
 B - 2 potions of ambrosia
 C - 2 potions of agility
 J - 14 potions of mutation
 N - 3 potions of cancellation
 W - 3 potions of resistance
Books
 T - a manual of Dodging
Miscellaneous
 n - a fan of gales
 I - a lightning rod (4/4)
 S - a lamp of fire
Comestibles
 d - 17 rations


   Skills:
 - Level 10.0 Fighting
 - Level 4.1 Maces & Flails
 - Level 4.2 Throwing
 - Level 10.0 Dodging
 - Level 1.7 Stealth
 - Level 4.1 Shields
 - Level 20.0 Spellcasting
 + Level 23.0 Conjurations
 - Level 8.0 Charms
 - Level 0.8 Summonings
 - Level 16.0 Necromancy
 - Level 0.8 Translocations
 - Level 16.0 Transmutations
 + Level 23.0 Fire Magic
 - Level 8.0 Air Magic
 - Level 10.0 Earth Magic
   Level 7.0 Poison Magic
 + Level 20.6 Evocations


You had 3 spell levels left.
You knew the following spells:

 Your Spells              Type           Power        Failure   Level  Hunger
a - Bolt of Fire          Conj/Fire      ########..   0%          6    None
b - Iron Shot             Conj/Erth      ########..   1%          6    None
c - Fireball              Conj/Fire      ########..   0%          5    None
d - Apportation           Tloc           ######       1%          1    None
e - Necromutation         Tmut/Necr      ########..   3%          8    None
f - Fire Storm            Conj/Fire      ########..   2%          9    None
g - Deflect Missiles      Chrm/Air       #######...   1%          6    None
h - Aura of Abjuration    Summ           ######....   7%          5    None
i - Magic Dart            Conj           ####         0%          1    None
j - Ignition              Fire           ########..   1%          8    None
k - Invisibility          Hex            #####...     45%         6    None
O - Blink                 Tloc           N/A          1%          2    None

Your spell library contained the following spells:

 Spells                   Type           Power        Failure   Level  Hunger
 Animate Skeleton         Necr           N/A          0%          1    None
 Beastly Appendage        Tmut           ######       0%          1    None
 Flame Tongue             Conj/Fire      #####        0%          1    None
 Infusion                 Chrm           ####         0%          1    None
 Pain                     Necr           ####         0%          1    None
 Sandblast                Erth           ######       0%          1    None
 Shock                    Conj/Air       ####         0%          1    None
 Sting                    Conj/Pois      ####         0%          1    None
 Corpse Rot               Necr           N/A          0%          2    None
 Passwall                 Tmut/Erth      ########     0%          2    None
 Searing Ray              Conj           ######       0%          2    None
 Sticks to Snakes         Tmut           ########     0%          2    None
 Sublimation of Blood     Necr           ########..   0%          2    None
 Throw Flame              Conj/Fire      ######       0%          2    None
 Conjure Flame            Conj/Fire      ########     0%          3    None
 Dazzling Spray           Conj/Hex       ######       0%          3    None
 Ignite Poison            Fire/Tmut/Pois ########     0%          3    None
 Inner Flame              Hex/Fire       ########     0%          3    None
 Mephitic Cloud           Conj/Pois/Air  ########     0%          3    None
 Regeneration             Chrm/Necr      ########..   0%          3    None
 Spider Form              Tmut/Pois      ########..   0%          3    None
 Static Discharge         Conj/Air       ########     0%          3    None
 Stone Arrow              Conj/Erth      ######       0%          3    None
 Vampiric Draining        Necr           ########..   0%          3    None
 Confusing Touch          Hex            #####.       1%          1    None
 Corona                   Hex            #####..      1%          1    None
 Freeze                   Ice            ####         1%          1    None
 Summon Butterflies       Summ           ######..     1%          1    None
 Summon Small Mammal      Summ           ####         1%          1    None
 Call Imp                 Summ           ######..     1%          2    None
 Ensorcelled Hibernation  Hex/Ice        #####.       1%          2    None
 Poisonous Vapours        Pois/Air       ######       1%          2    None
 Shroud of Golubria       Chrm/Tloc      ######       1%          2    None
 Slow                     Hex            #####...     1%          2    None
 Song of Slaying          Chrm           #######.     1%          2    None
 Swiftness                Chrm/Air       #######.     1%          2    None
 Call Canine Familiar     Summ           ######..     1%          3    None
 Confuse                  Hex            #####...     1%          3    None
 Gell's Gravitas          Tloc           ######....   1%          3    None
 Lesser Beckoning         Tloc           ######....   1%          3    None
 Ozocubu's Armour         Chrm/Ice       ######..     1%          3    None
 Portal Projectile        Hex/Tloc       ######       1%          3    None
 Recall                   Summ/Tloc      N/A          1%          3    None
 Spectral Weapon          Hex/Chrm       ######..     1%          3    None
 Summon Guardian Golem    Hex/Summ       ######..     1%          3    None
 Teleport Other           Tloc           ######..     1%          3    None
 Tukima's Dance           Hex            #####...     1%          3    None
 Animate Dead             Necr           N/A          0%          4    None
 Iskenderun's Mystic Bla  Conj           ########     0%          4    None
 Petrify                  Tmut/Erth      ########     0%          4    None
 Sticky Flame             Conj/Fire      ########     0%          4    None
 Agony                    Necr           ########     0%          5    None
 Blade Hands              Tmut           ########..   0%          5    None
 Bolt of Draining         Conj/Necr      ########..   0%          5    None
 Bolt of Magma            Conj/Fire/Erth ########..   0%          5    None
 Dispel Undead            Necr           ########     0%          5    None
 Irradiate                Conj/Tmut      ########..   0%          5    None
 Iskenderun's Battlesphe  Conj/Chrm      ########     0%          5    None
 Lightning Bolt           Conj/Air       ########..   0%          5    None
 Airstrike                Air            #######...   1%          4    None
 Force Lance              Conj/Tloc      ########     1%          4    None
 Fulminant Prism          Conj/Hex       ########..   1%          4    None
 Ice Form                 Ice/Tmut       #######.     1%          4    None
 Leda's Liquefaction      Hex/Erth       #######...   1%          4    None
 Olgreb's Toxic Radiance  Pois           #######.     1%          4    None
 Summon Lightning Spire   Summ/Air       #######.     1%          4    None
 Alistair's Intoxication  Tmut/Pois      ########     1%          5    None
 Borgnjor's Vile Clutch   Necr/Erth      ########..   1%          5    None
 Excruciating Wounds      Chrm/Necr      ########..   1%          5    None
 Lee's Rapid Deconstruct  Erth           #######...   1%          5    None
 Silence                  Hex/Air        ######....   1%          5    None
 Venom Bolt               Conj/Pois      ########..   1%          5    None
 Yara's Violent Unravell  Hex/Tmut       #######...   1%          5    None
 Bolt of Cold             Conj/Ice       ########..   1%          6    None
 Conjure Ball Lightning   Conj/Air       ########..   1%          6    None
 Death Channel            Necr           ########..   1%          6    None
 Freezing Cloud           Conj/Ice/Air   ########..   1%          6    None
 Hydra Form               Tmut           ########..   1%          6    None
 Poison Arrow             Conj/Pois      ########..   1%          6    None
 Simulacrum               Ice/Necr       #######...   1%          6    None
 Statue Form              Tmut/Erth      ########.    1%          6    None
 Dragon Form              Tmut           ########..   1%          7    None
 Orb of Destruction       Conj           ########..   1%          7    None
 Ring of Flames           Chrm/Fire      ########..   1%          7    None
 Passage of Golubria      Tloc           N/A          2%          4    None
 Summon Ice Beast         Ice/Summ       ######..     2%          4    None
 Spellforged Servitor     Conj/Summ      ########..   2%          7    None
 Lehudib's Crystal Spear  Conj/Erth      ########..   2%          8    None
 Cause Fear               Hex            #####.....   3%          4    None
 Borgnjor's Revivificati  Necr           ########..   3%          8    None
 Chain Lightning          Conj/Air       ########..   3%          8    None
 Infestation              Necr           ########..   3%          8    None
 Summon Demon             Summ           ######....   7%          5    None
 Summon Forest            Summ/Tloc      ######....   7%          5    None
 Summon Mana Viper        Hex/Summ       ######..     8%          5    None
 Haunt                    Necr/Summ      #######...   9%          7    None
 Metabolic Englaciation   Hex/Ice        #####.....   10%         5    None
 Death's Door             Chrm/Necr      ########..   16%         8    None
 Dispersal                Tloc           ######....   36%         6    None
 Shadow Creatures         Summ           N/A          36%         6    None
 Darkness                 Hex            #####.....   45%         6    None
 Ozocubu's Refrigeration  Ice            #####.....   45%         6    None
 Malign Gateway           Summ/Tloc      ######....   90%         7    None
 Monstrous Menagerie      Summ           ######....   90%         7    None
 Summon Greater Demon     Summ           ######....   90%         7    None
 Summon Hydra             Summ           ######....   90%         7    None
 Glaciate                 Conj/Ice       ########..   97%         9    None
 Discord                  Hex            #####.....   100%        8    None
 Summon Horrible Things   Summ           ######....   100%        8    None
 Dragon's Call            Summ           ######....   100%        9    None
 Tornado                  Air            #######...   100%        9    None


Dungeon Overview and Level Annotations

Branches:
Dungeon (15/15)            Temple (1/1) D:4            Lair (6/6) D:9
 Shoals (4/4) Lair:2        Snake (4/4) Lair:3        Slime (0/5) Lair:6
    Orc (2/2) D:12            Elf (3/3) Orc:2        Vaults (5/5) D:14
  Crypt (3/3) Vaults:3       Tomb (0/3) Crypt:3      Depths (5/5) D:15
    Zot (0/5) Depths:5      Sewer (visited)         Volcano (visited)

Shops:
D:9 %   D:10 }   D:12 (   D:13 %   Orc:1 :   Orc:2 :!=?%   Elf:1 [(
Shoals:1 [   Snake:2 !}*[   Snake:3 ::   Snake:4 :   Depths:1 [   Depths:4 :

Portals:
Hell: Depths:1 Depths:2 Depths:3 Depths:4 Depths:5
Abyss: Depths:3 Depths:4
Pandemonium: Depths:1 Depths:2 Depths:3 Depths:4 Depths:5
Trove: Elf:1 (give 2 scrolls of acquirement)

Annotations:
D:8 Joseph
D:9 3 runed translucent doors, Gall2222's ghost, novice DrCj
Lair:1 exclusion: oklob plant
Orc:2 1 runed translucent door, bmj180's ghost, journeyman GrEE
Elf:1 3 runed translucent doors, Goack's ghost, adept HOFi
Elf:2 3 runed translucent doors


Innate Abilities, Weirdness & Mutations

You have an increased reservoir of magic. (+10% MP)
You have sharp toenails.
You are partially covered in molten scales. (AC +2)
You have supernaturally acute eyesight. (SInv)
You possess an exceptional clarity of mind.


Message History

You are splashed with acid!
* * * LOW HITPOINT WARNING * * *
The red draconian knight is engulfed in blazing flames.
The red draconian knight barely misses your fire vortex.
The red draconian knight is engulfed in blazing flames.
Your fire vortex completely misses the white draconian shifter.
The purple draconian scorcher is engulfed in blazing flames.
The white draconian shifter points at you and mumbles some strange words.
Your fire vortex blinks!
A black draconian shifter comes into view.
It is wielding a -1 whip.
You take 8 damage, and have 1/209 hp.
Okay, then.
You feel better.
The red draconian scorcher is engulfed in blazing flames.
A yellow draconian shifter comes into view.
It is wielding a +0 whip.
A white draconian comes into view. It is wielding a +0 battleaxe.
The red draconian knight is engulfed in blazing flames.
The red draconian knight points at you and mumbles some strange words.
The shard of ice hits you! You partially resist.
You die...

▓.. ▓...
▓.)..
▓.....
▓.v).).
▓▓○°q○v)§
▓▓)°☼q○○)§
▓@[°○qq○qq
▓▓.☼°q.qqd
▓▓○○○°qq.
▓...q..
▓...d.
▓.... ▓...
▓..


You could see 2 draconians, 2 draconians, a white draconian, 4 draconians, a
black draconian stormcaller, 2 draconians and 2 friendly fire vortices.

Vanquished Creatures
  5 pandemonium lords
  2 ancient liches
  A juggernaut (Zig:13)
  The ghost of Ywuol the Warrior, a veteran GrFi of the Shining One (Crypt:2)
  Bai Suzhen (Shoals:3)
  Margery (Depths:2)
  A shard shrike (Zig:9)
  6 Killer Klowns
  Saint Roka (Depths:1)
  Frederick (Crypt:2)
  10 caustic shrikes (Depths:5)
  Xtahua (Crypt:2)
  16 golden dragons
  2 profane servitors
  3 bone dragons
  An Ice Fiend (Zig:9)
  An iron giant (Zig:17)
  3 hellephants (Zig:15)
  4 liches
  11 tentacled monstrosities
  Rupert (Lair:4)
  9 deep elf blademasters
  6 titans (Vaults:5)
  Asterion (Snake:2)
  6 deep elf master archers
  A quicksilver dragon (Depths:5)
  13 acid blobs
  A tentacled starspawn (Zig:26)
  11 ancient champions
  Gastronok (Lair:2)
  An acid blob (shapeshifter) (Zig:19)
  2 thorn hunters
  A kraken (Shoals:4)
  9 sphinxes
  11 tengu reavers
  7 shadow dragons
  Ilsuiw (Shoals:4)
  2 storm dragons
  9 revenants
  An azure jelly (Zig:14)
  8 draconian monks
  18 vault wardens
  An iron dragon (Vaults:5)
  18 nagarajas
  11 fire giants
  3 ghost moths
  18 frost giants
  10 draconian knights
  10 draconian scorchers
  6 emperor scorpions
  10 deep elf sorcerers
  5 curse skulls
  A caustic shrike zombie (Zig:17)
  8 draconian shifters
  Aizul (Snake:4)
  4 orc warlords (Zig:13)
  A balrug (Zig:12)
  10 draconian stormcallers
  23 ghouls
  6 draconian annihilators
  9 deep elf elementalists
  9 reapers
  14 ironheart preservers
  3 angels (Depths:3)
  3 spriggan defenders
  8 vampire knights
  4 war gargoyles
  24 very ugly things
  2 entropy weavers
  3 green draconians
  23 stone giants
  22 deep elf annihilators
  6 black draconians
  Azrael (D:14)
  2 dire elephants (shapeshifter)
  7 purple draconians
  15 deep elf demonologists
  2 dire elephants
  A lorocyproca (Zig:26)
  3 white draconians
  8 yellow draconians
  A black sun (Zig:3)
  A minotaur (Shoals:2)
  13 spark wasps
  Josephine (Lair:5)
  9 eidola
  2 red draconians
  9 ettins
  7 merfolk javelineers
  A blizzard demon (Zig:9)
  A crystal guardian (Vaults:5)
  Snorg (D:12)
  13 merfolk impalers
  18 yaktaur captains
  14 deep elf death magi
  A mummy priest (Crypt:3)
  20 fire dragons
  21 green deaths
  2 quicksilver dragon zombies
  15 deep elf high priests
  19 naga warriors
  6 jiangshi
  32 vault guards
  A quicksilver dragon skeleton (Crypt:2)
  3 spriggan air magi (Depths:2)
  3 shambling mangroves
  2 ghost crabs (Zig:23)
  10 great orbs of eyes
  9 ice dragons
  2 catoblepae
  7 alligator snapping turtles
  2 hell beasts
  6 rakshasas
  49 hydras
  A two-headed ogre (shapeshifter) (Vaults:3)
  A spectral fire giant (Crypt:2)
  A satyr (shapeshifter) (Zig:19)
  5 satyrs
  21 anacondas
  23 dancing weapons
  A spectral stone giant (Crypt:2)
  A queen ant (shapeshifter) (Vaults:5)
  2 monstrous demonspawn
  5 merfolk avatars
  12 centaur warriors
  7 deep troll shamans
  11 merfolk aquamancers
  12 vampire magi
  25 ogre magi
  3 death yaks
  5 spriggan berserkers
  13 death knights
  10 deep troll earth magi
  5 orc high priests
  10 alligators
  81 two-headed ogres
  A spectral storm dragon (Crypt:2)
  3 small abominations
  3 tengu warriors
  14 naga sharpshooters
  2 thrashing horrors
  2 hell hogs (Zig:26)
  A titan zombie (Crypt:2)
  15 hell knights
  8 shock serpents
  Sonja (D:12)
  2 soul eaters
  7 wretched stars
  A shock serpent (shapeshifter) (Zig:19)
  7 iron trolls
  44 skeletal warriors
  A storm dragon zombie (Zig:17)
  4 shadow wraiths
  3 sixfirhies
  3 golden dragon zombies
  27 deep elf knights
  5 glowing orange brains
  A fire crab (shapeshifter) (Depths:5)
  14 death drakes
  A shadow demon (Depths:3)
  2 storm dragon skeletons
  A spark wasp zombie (Crypt:2)
  5 spriggan druids
  2 spatial maelstroms
  8 unseen horrors
  A tengu zombie (Zig:17)
  12 salamander mystics
  7 wizards
  17 flayed ghosts
  A shadow dragon zombie (Crypt:3)
  5 naga ritualists
  20 swamp dragons
  10 necromancers
  22 sea snakes
  A kraken simulacrum (Shoals:4)
  25 harpies
  25 deep elf archers
  11 ironbrand convokers
  A golden dragon skeleton (Depths:4)
  30 deep trolls
  2 starcursed masses (Zig:26)
  23 phantasmal warriors
  2 sphinx zombies
  16 mana vipers
  A spectral ettin (Crypt:2)
  34 ugly things
  99 deep elf magi
  A shadow dragon skeleton (Depths:4)
  2 orb spiders (shapeshifter)
  An orb spider (Zig:6)
  12 wolf spiders
  10 lindwurms
  17 fauns
  18 orc knights
  6 orc sorcerers
  A wolf spider (shapeshifter) (Elf:3)
  3 fire giant zombies (Crypt:3)
  4 cyclopes
  4 shining eyes
  A worldbinder (Zig:26)
  19 manticores
  18 salamanders
  A frost giant zombie (Crypt:3)
  11 merfolk sirens
  A moth of wrath (shapeshifter) (Vaults:3)
  14 elephants
  2 centaur zombies
  4 moths of wrath
  34 naga magi
  A guardian serpent (shapeshifter) (Zig:19)
  2 smoke demons (Zig:26)
  49 black mambas
  A shock serpent zombie (Crypt:3)
  4 toenail golems (Volcano)
  4 apocalypse crabs
  20 vault sentinels
  18 guardian serpents
  6 water nymphs
  3 rust devils (Zig:17)
  3 centaur skeletons (D:15)
  9 large abominations
  Psyche (D:8)
  An elf zombie (Zig:17)
  A water nymph (shapeshifter) (Depths:1)
  A gargoyle (D:12)
  3 eyes of devastation
  26 spiny frogs
  A spiny frog (shapeshifter) (Zig:19)
  2 ice statues (D:12)
  2 torpor snails
  2 elf skeletons (Zig:17)
  2 hellions (Zig:17)
  3 orange demons
  A rime drake (shapeshifter) (Depths:3)
  An emperor scorpion zombie (Crypt:3)
  3 kobold demonologists
  8 komodo dragons
  A death yak zombie (Crypt:1)
  3 rime drakes
  6 tormentors
  A komodo dragon (shapeshifter) (Vaults:4)
  A yaktaur (shapeshifter) (Crypt:2)
  4 efreet
  15 freezing wraiths
  2 yaktaur skeletons (Depths:1)
  A hellwing (Depths:3)
  A red devil (Depths:4)
  4 ancient zymes
  47 yaktaurs
  An ice devil (Zig:9)
  A hydra zombie (Crypt:3)
  3 guardian mummies (Crypt:3)
  A white draconian skeleton (Crypt:1)
  6 tengu conjurers
  A golden dragon simulacrum (Crypt:2)
  A merfolk (shapeshifter) (Zig:26)
  3 demonic crawlers
  12 trolls
  A queen bee (D:12)
  2 meliai (shapeshifter)
  A polar bear (shapeshifter) (Vaults:5)
  3 meliai (Shoals:2)
  A polar bear (Zig:15)
  31 merfolk
  2 wolf spider simulacra
  8 jumping spiders
  13 hornets
  A blink frog (shapeshifter) (Elf:2)
  A tyrant leech (shapeshifter) (Vaults:5)
  5 wind drakes
  A raiju (shapeshifter) (Depths:2)
  13 blink frogs
  A shadow dragon simulacrum (Crypt:2)
  14 snapping turtles
  13 hippogriffs
  12 dream sheep
  A harpy skeleton (Crypt:2)
  6 tyrant leeches
  A spectral manticore (Crypt:2)
  2 alligator zombies
  2 ettin zombies (Crypt:3)
  A fire giant simulacrum (Depths:4)
  45 slime creatures
  2 stone giant simulacra
  A fire dragon zombie (Crypt:2)
  10 bog bodies
  An iron dragon simulacrum (Zig:9)
  An ice dragon zombie (Crypt:3)
  3 ynoxinuls
  2 spriggans
  A spriggan (shapeshifter) (Vaults:1)
  A flying skull (Vaults:3)
  4 redbacks
  5 air elementals
  7 shadows
  2 tarantellas (shapeshifter)
  4 wyverns
  2 yaks (shapeshifter)
  15 water elementals
  30 wraiths
  49 yaks
  A hog (shapeshifter) (Vaults:3)
  2 dire elephant simulacra (Crypt:2)
  4 hungry ghosts
  5 fire elementals
  8 humans (D:14)
  A golden eye (Zig:11)
  7 basilisks
  2 neqoxecs
  A basilisk (shapeshifter) (Depths:1)
  4 chaos spawn
  A green draconian simulacrum (Crypt:2)
  2 steam dragons (Lair:6)
  A wind drake zombie (Crypt:2)
  15 wargs
  4 hogs (Lair:4)
  12 vampire mosquitoes
  A warg (shapeshifter) (Vaults:5)
  2 insubstantial wisps
  A soldier ant (shapeshifter) (Vaults:5)
  2 soldier ants (D:14)
  48 nagas
  A spiny frog zombie (Crypt:3)
  27 water moccasins
  5 acid dragons
  4 porcupines
  5 floating eyes
  5 hell hounds
  10 swamp drakes
  2 black bears (shapeshifter)
  5 sky beasts
  6 eyes of draining
  60 orc warriors
  An eye of draining (shapeshifter) (Depths:3)
  2 ice beasts (Zig:9)
  58 ogres
  5 ettin simulacra
  19 necrophages
  8 phantoms
  A black bear (D:9)
  An elephant zombie (Crypt:1)
  A boggart (shapeshifter) (Depths:2)
  A hog zombie (Crypt:1)
  A deep troll simulacrum (Depths:1)
  5 wolves
  38 centaurs
  9 boggarts
  16 crocodiles
  11 big kobolds
  26 bullfrogs
  A hippogriff zombie (Crypt:2)
  7 earth elementals
  7 wyvern skeletons
  A salamander skeleton (Crypt:2)
  10 scorpions
  A yak zombie (Crypt:2)
  21 killer bees
  2 spriggan zombies
  18 wights
  7 howler monkeys
  3 electric eels
  7 crimson imps
  8 hounds
  A bullfrog zombie (D:5)
  2 quasits
  A wolf skeleton (Crypt:1)
  23 orc priests
  3 bullfrog skeletons
  A hound (shapeshifter) (Depths:3)
  3 jellies
  5 iron imps
  11 iguanas
  20 orc wizards
  11 worker ants
  A hell rat (Crypt:2)
  A demigod zombie (Crypt:2)
  A naga skeleton (Crypt:1)
  An ogre skeleton (Crypt:1)
  A demigod skeleton (Crypt:1)
  3 hound skeletons
  A howler monkey skeleton (D:8)
  15 gnolls
  24 adders
  4 river rats (D:6)
  5 shadow imps
  3 ufetubi (Depths:4)
  5 adder zombies
  3 oozes
  2 adder skeletons
  5 worms
  2 dart slugs
  5 leopard geckos
  77 orcs
  10 ball pythons
  10 giant cockroaches
  3 goblins (D:2)
  2 hobgoblins (D:2)
  12 jackals
  3 quokkas
  13 bats
  4 frilled lizards
  A gnoll skeleton (Crypt:2)
  A jackal skeleton (D:5)
  26 kobolds
  A leopard gecko skeleton (D:8)
  A quokka skeleton (D:4)
  A quokka zombie (D:5)
  8 rats
  5 briar patches (Zig:25)
  A crawling corpse (Elf:3)
  A fire vortex (Zig:27)
  9 plants
  3 tentacles (Shoals:4)
  3 withered plants (Crypt:3)
3322 creatures vanquished.

Vanquished Creatures (collateral kills)
  2 golden dragons (Zig:25)
  2 bone dragons (Zig:16)
  An iron giant (Zig:17)
  A tentacled monstrosity (Zig:25)
  Kirke (Lair:3)
  A draconian knight (Zig:27)
  A draconian annihilator (Zig:27)
  A vampire knight (Zig:16)
  A red draconian (Zig:27)
  A shambling mangrove (Zig:25)
  A wretched star (Zig:26)
  3 wizards (Volcano)
  A flayed ghost (Zig:16)
  A death drake (Zig:25)
  A toenail golem (Volcano)
  3 rust devils (Zig:17)
  A red devil (Zig:17)
  A tyrant leech (Zig:25)
  A hornet (Zig:25)
  2 blink frogs (Lair:4)
  A spriggan (shapeshifter) (Zig:26)
  A yak (Lair:4)
  A hog (Lair:3)
  A starcursed mass (Zig:26)
  3 iron imps (Zig:17)
  An orc priest (D:10)
35 creatures vanquished.

Vanquished Creatures (others)
  A golden dragon (Zig:23)
  A bone dragon (Zig:16)
  A tentacled monstrosity (Zig:23)
  A tengu reaver (Depths:2)
  A ghost moth (Zig:6)
  A deep elf elementalist (Elf:3)
  A deep elf demonologist (Elf:3)
  A deep elf mage (Depths:4)
  A wizard (D:15)
  A yak (Lair:4)
  A wraith (Lair:5)
  3 humans
  A water moccasin (Zig:15)
  An orc warrior (Orc:2)
  2 porcupines
  An orc wizard (D:10)
  A bullfrog skeleton (D:11)
  An orc priest (D:6)
  3 briar patches (Zig:25)
  2 bushes
  114 fire vortices
  32 fungi
  27 plants
  A tentacle (Shoals:4)
  A withered plant (Crypt:3)
201 creatures vanquished.

Grand Total: 3558 creatures vanquished

Notes
Turn   | Place    | Note
-------+----------+-------------------------------------------
     0 | D:1      | DEFE the Demigod Wizard began the quest for the Orb.
     0 | D:1      | Reached XP level 1. HP: 14/14 MP: 6/6
   198 | D:1      | Reached skill level 1 in Conjurations
   557 | D:1      | Reached XP level 2. HP: 8/20 MP: 4/8
  1217 | D:2      | Found a sparkling altar of Nemelex Xobeh.
  1234 | D:2      | HP: 1/20 [poisoned by an adder]
  1558 | D:2      | Reached XP level 3. HP: 26/26 MP: 6/10
  1602 | D:2      | Learned a level 3 spell: Mephitic Cloud
  2358 | D:3      | Reached XP level 4. HP: 29/33 MP: 4/11
  2855 | D:4      | Noticed an ogre
  2883 | D:4      | Killed an ogre
  2883 | D:4      | Reached XP level 5. HP: 14/38 MP: 10/12
  3401 | D:4      | Found a staircase to the Ecumenical Temple.
  3502 | D:4      | Noticed an ogre
  3516 | D:4      | Killed an ogre
  3516 | D:4      | Reached skill level 1 in Maces & Flails
  3516 | D:4      | Reached skill level 5 in Conjurations
  3676 | D:4      | Found a shattered altar of Ashenzari.
  3721 | Temple   | Entered the Ecumenical Temple
  4240 | D:4      | Reached XP level 6. HP: 41/45 MP: 13/13
  4802 | D:4      | Found an ornate altar of the Wu Jian Council.
  4802 | D:4      | Found a shadowy altar of Dithmenos.
  4919 | D:4      | Got a crystal war axe
  5138 | D:5      | Entered Level 5 of the Dungeon
  5793 | D:5      | Identified the +6 war axe "Giant's Toothpick" {freeze,
                  | Str+2 Dex+4} (You found it on level 4 of the Dungeon)
  5953 | D:5      | Reached skill level 1 in Throwing
  5953 | D:5      | Reached XP level 7. HP: 22/50 MP: 11/17
  6392 | D:5      | Reached skill level 5 in Spellcasting
  6879 | D:5      | Found a shadowy altar of Dithmenos.
  7495 | D:6      | Found a glowing drain.
  7543 | Sewer    | Entered a sewer
  7603 | Sewer    | Learned a level 3 spell: Conjure Flame
  7617 | Sewer    | Reached XP level 8. HP: 36/57 MP: 2/19
  8343 | Sewer    | Reached skill level 1 in Air Magic
  8448 | Sewer    | Reached skill level 1 in Poison Magic
  9564 | D:6      | Reached skill level 1 in Fire Magic
 10180 | D:6      | Reached skill level 1 in Evocations
 10180 | D:6      | Reached XP level 9. HP: 14/62 MP: 13/20
 12308 | D:8      | Noticed a two-headed ogre
 12331 | D:8      | Killed a two-headed ogre
 12451 | D:8      | Noticed a two-headed ogre
 12488 | D:8      | Killed a two-headed ogre
 12863 | D:8      | Noticed Joseph
 12881 | D:7      | Reached XP level 10. HP: 65/69 MP: 23/23
 13204 | D:8      | Noticed Psyche
 13956 | D:8      | Killed Psyche
 14588 | D:9      | Found a runed translucent gate.
 14589 | D:9      | Found a runed translucent gate.
 14590 | D:9      | Found a runed translucent gate.
 14772 | D:9      | Found Ammiqas's Food Shoppe.
 14885 | D:9      | Found a staircase to the Lair.
 14926 | D:9      | Noticed Gall2222's ghost (novice DrCj)
 15422 | D:10     | Entered Level 10 of the Dungeon
 15428 | D:10     | Noticed a two-headed ogre
 15517 | D:10     | Reached skill level 5 in Dodging
 15645 | D:10     | Killed a two-headed ogre
 15683 | D:10     | Learned a level 2 spell: Blink
 15728 | D:10     | Found Zeep's Gadget Shop.
 15738 | D:10     | Got a pair of ichor-stained gloves
 15744 | D:10     | Identified the +2 pair of gloves of Xuugakech {rElec rN+
                  | Str-2 Int+6} (You found it on level 10 of the Dungeon)
 15767 | D:10     | Bought a wand of paralysis (6) for 104 gold pieces
 15767 | D:10     | Bought a box of beasts for 260 gold pieces
 16416 | D:10     | Learned a level 4 spell: Iskenderun's Mystic Blast
 16744 | D:11     | Reached XP level 11. HP: 65/73 MP: 25/25
 17192 | Lair:1   | Entered Level 1 of the Lair of Beasts
 17291 | Lair:1   | Found a dark tunnel.
 17298 | Volcano  | Entered a volcano
 17327 | Volcano  | Noticed a wizard
 17333 | Volcano  | Killed a wizard
 17349 | Volcano  | Noticed a wizard
 17356 | Volcano  | Killed a wizard
 17364 | Volcano  | Noticed a wizard
 17369 | Volcano  | Killed a wizard
 17407 | Volcano  | Noticed a +1 mace of flaming
 17449 | Volcano  | Killed a +1 mace of flaming
 17449 | Volcano  | Reached skill level 10 in Conjurations
 17585 | Volcano  | Noticed a wizard
 17585 | Volcano  | Noticed a wizard
 17589 | Volcano  | Killed a wizard
 17589 | Volcano  | Killed a wizard
 18465 | Lair:1   | Noticed a five-headed hydra
 18471 | Lair:1   | Killed a five-headed hydra
 19219 | Lair:2   | Reached XP level 12. HP: 80/80 MP: 17/26
 19465 | Lair:2   | Noticed Gastronok
 19511 | Lair:2   | Killed Gastronok
 19870 | Lair:2   | Found a staircase to the Shoals.
 20403 | Lair:3   | Found a staircase to the Snake Pit.
 21304 | Lair:3   | Reached skill level 10 in Evocations
 22095 | Lair:4   | Found a radiant altar of Vehumet.
 22247 | Lair:4   | Noticed Kirke
 22266 | Lair:4   | Noticed a sphinx
 22268 | Lair:4   | Paralysed by a sphinx for 5 turns
 22283 | Lair:3   | Killed Kirke
 22429 | Lair:4   | Noticed Rupert
 22442 | Lair:4   | Killed Rupert
 22865 | Lair:4   | Reached XP level 13. HP: 85/85 MP: 15/31
 23025 | Lair:4   | Learned a level 1 spell: Apportation
 23093 | Lair:4   | Reached skill level 10 in Spellcasting
 23873 | Lair:4   | Reached skill level 5 in Fighting
 24352 | Lair:4   | Got a crude short sword
 24485 | Lair:4   | Learned a level 4 spell: Olgreb's Toxic Radiance
 24639 | Lair:5   | Found an ornate altar of the Wu Jian Council.
 24918 | Lair:5   | Noticed Josephine
 24932 | Lair:5   | Killed Josephine
 26359 | Lair:6   | Entered Level 6 of the Lair of Beasts
 26359 | Lair:6   | Found a staircase to the Slime Pits.
 26359 | Lair:6   | Found a viscous altar of Jiyva.
 26391 | Lair:6   | Reached skill level 5 in Poison Magic
 26548 | Lair:6   | Found the amulet of the Four Winds {rN+ MR+++ Clar}
 28602 | Lair:6   | Reached XP level 14. HP: 115/115 MP: 19/32
 28783 | Lair:6   | Identified a scroll of acquirement
 29139 | Lair:6   | Reached skill level 1 in Shields
 29768 | D:12     | Found a staircase to the Orcish Mines.
 29880 | D:12     | Noticed Snorg
 29902 | D:12     | Found Oshet's Antique Weapon Shoppe.
 30567 | D:12     | Killed Snorg
 31782 | D:12     | Noticed Sonja
 31798 | D:12     | Killed Sonja
 31822 | D:12     | Reached skill level 10 in Fighting
 32136 | D:12     | Found the +7 Singing Sword {slice, sonic wave}
 33020 | Orc:1    | Entered Level 1 of the Orcish Mines
 33086 | Orc:1    | Found Jasefo's Book Emporium.
 33102 | Orc:1    | Bought a book of Power for 720 gold pieces
 33108 | Orc:1    | Learned a level 5 spell: Bolt of Magma
 33115 | Orc:1    | Learned a level 6 spell: Iron Shot
 33153 | Orc:2    | Entered Level 2 of the Orcish Mines
 33168 | Orc:2    | Reached skill level 1 in Earth Magic
 34951 | Orc:2    | Noticed bmj180's ghost (journeyman GrEE)
 34952 | Orc:2    | Found a runed translucent door.
 35456 | Orc:2    | Found a staircase to the Elven Halls.
 35893 | Orc:2    | Found Losoihal's Book Emporium.
 36163 | Orc:2    | Found Tetapnuo's Jewellery Shoppe.
 36163 | Orc:2    | Found Saopo's Magic Scroll Boutique.
 36165 | Orc:2    | Found Laben's Food Shop.
 36167 | Orc:2    | Found Optoycau's Distillery.
 36172 | Orc:2    | Bought a scroll of teleportation for 33 gold pieces
 36172 | Orc:2    | Bought a scroll of identify for 22 gold pieces
 36172 | Orc:2    | Bought a scroll of magic mapping for 38 gold pieces
 36172 | Orc:2    | Bought a scroll of teleportation for 33 gold pieces
 36182 | Orc:2    | Bought an uncursed ring of see invisible for 150 gold
                  | pieces
 36182 | Orc:2    | Bought an uncursed ring of magical power for 200 gold
                  | pieces
 36614 | Orc:1    | Found a bloodstained altar of Trog.
 37053 | D:13     | Reached skill level 5 in Fire Magic
 37446 | D:13     | Found Kiolubla's Food Emporium.
 37767 | D:13     | Reached skill level 5 in Earth Magic
 37769 | D:13     | Reached XP level 15. HP: 103/126 MP: 14/33
 38304 | D:13     | Found a glowing golden altar of the Shining One.
 38837 | D:14     | Noticed Azrael
 38967 | D:14     | Killed Azrael
 39267 | D:14     | Found a shattered altar of Ashenzari.
 40622 | D:14     | Found a gate to the Vaults.
 41305 | D:14     | Noticed a tengu reaver
 41533 | D:14     | Killed a tengu reaver
 41885 | D:15     | Entered Level 15 of the Dungeon
 42319 | D:15     | Reached skill level 10 in Earth Magic
 42419 | D:15     | Found a bloodstained altar of Trog.
 43329 | D:15     | Found a staircase to the Depths.
 43769 | Snake:1  | Entered Level 1 of the Snake Pit
 44061 | Snake:1  | Reached XP level 16. HP: 90/134 MP: 3/35
 45796 | Snake:2  | Noticed Asterion
 45801 | Snake:2  | Killed Asterion
 47229 | Snake:2  | Found Suuh Hal's Antique Armour Emporium.
 47229 | Snake:2  | Found Hyshorec's Distillery.
 47230 | Snake:2  | Found Ihiggir's Assorted Antiques.
 47234 | Snake:2  | Found Natyoz's Gadget Shoppe.
 47249 | Snake:2  | Bought a glowing robe for 107 gold pieces
 49532 | Snake:3  | Found Xuexoism's Book Shoppe.
 49537 | Snake:3  | Found Abethrul's Book Shoppe.
 49593 | Snake:3  | Bought a book of Fire for 845 gold pieces
 49600 | Snake:3  | Learned a level 6 spell: Bolt of Fire
 50491 | Snake:4  | Entered Level 4 of the Snake Pit
 50491 | Snake:4  | Noticed Aizul
 50494 | Snake:4  | Killed Aizul
 50885 | Snake:4  | Found a radiant altar of Vehumet.
 51974 | Snake:4  | Reached XP level 17. HP: 140/140 MP: 33/37
 52939 | Snake:4  | Found Soniep's Book Shoppe.
 53310 | Snake:4  | Reached skill level 10 in Fire Magic
 53943 | Snake:4  | Reached skill level 10 in Dodging
 54216 | Snake:4  | Learned a level 5 spell: Fireball
 56518 | Snake:4  | Got a serpentine rune of Zot
 57029 | Vaults:1 | Entered Level 1 of the Vaults
 57366 | Vaults:1 | Upgraded the game from 0.24-a0-789-g35933f4585 to
                  | 0.24-a0-809-g71cb82dfb8
 58702 | Vaults:1 | Reached XP level 18. HP: 147/147 MP: 4/40
 59240 | Vaults:1 | Reached skill level 15 in Conjurations
 64054 | Vaults:3 | Reached XP level 19. HP: 137/154 MP: 13/43
 65887 | Vaults:3 | Reached skill level 15 in Spellcasting
 66002 | Vaults:3 | Found a staircase to the Crypt.
 66569 | Vaults:3 | Reached skill level 15 in Fire Magic
 67475 | Vaults:4 | Learned a level 8 spell: Ignition
 69749 | Elf:1    | Entered Level 1 of the Elven Halls
 70141 | Elf:1    | Found Irulleoh's Weapon Emporium.
 70554 | Elf:1    | Found a runed translucent gate.
 70555 | Elf:1    | Found a runed translucent gate.
 70556 | Elf:1    | Found a runed translucent gate.
 70557 | Elf:1    | Noticed Goack's ghost (adept HOFi)
 70655 | Elf:1    | Reached XP level 20. HP: 161/161 MP: 41/44
 71079 | Elf:1    | Found Ruduk's Armour Shop.
 71130 | Elf:1    | Identified the Guide on Confrontation and the Escort
 71516 | Elf:1    | Found a portal to a secret trove of treasure.
 72476 | Elf:2    | Found a runed translucent gate.
 72476 | Elf:2    | Found a runed translucent gate.
 72476 | Elf:2    | Found a runed translucent gate.
 72501 | Elf:3    | Entered Level 3 of the Elven Halls
 74294 | Elf:3    | Identified the +5 short sword "Kesadoin" {freeze, *Slow
                  | +Blink rN++ Int+4}
 74294 | Elf:3    | Identified the ring "Kaudwath" {*Corrode +Fly AC+2 Int+4
                  | Dex+8}
 74321 | Elf:3    | Identified the ring "Eptar" {MP+9 Dex+5 Stlth-}
 74330 | Elf:3    | Identified the +1 battleaxe of Causality {speed, Str+4
                  | Int+2 Stlth-}
 74335 | Elf:3    | Identified the +6 hand axe "Iturch" {speed, rF+ rC+}
 74510 | Elf:3    | Identified the +5 battleaxe of the Seven Demons {flame,
                  | Dex+2 Stlth+}
 74510 | Elf:3    | Identified the ring of Fock {rC+ rN+++ MP-9 Dex+4}
 74835 | Elf:3    | Identified the Papyrus of Necromancy
 74853 | Elf:3    | Identified the Grimoire of Dislocated Feathers
 74881 | Elf:3    | Identified the +2 cloak "Wewi Fad" {rC+ Str+2} (You found
                  | it on level 3 of the Elven Halls)
 75192 | Shoals:1 | Entered Level 1 of the Shoals
 75621 | Shoals:1 | Found Asios's Antique Armour Boutique.
 75624 | Shoals:1 | Bought an embroidered robe for 118 gold pieces
 76689 | Shoals:2 | Reached XP level 21. HP: 104/168 MP: 2/46
 77123 | Shoals:2 | Found a hide-covered altar of Uskayaw.
 77929 | Shoals:3 | Noticed Bai Suzhen
 77936 | Shoals:3 | Killed Bai Suzhen
 78735 | Shoals:4 | Entered Level 4 of the Shoals
 79105 | Shoals:4 | Noticed Ilsuiw
 79109 | Shoals:4 | Killed Ilsuiw
 80313 | Shoals:4 | Identified the ring "Zodeso" {rCorr Str-5 Slay+3 SInv} (You
                  | found it on level 4 of the Shoals)
 80600 | Shoals:4 | Got a barnacled rune of Zot
 81287 | Snake:3  | Bought a Necronomicon for 1435 gold pieces
 81297 | Snake:3  | Learned a level 8 spell: Necromutation
 81300 | Snake:3  | Got a shimmering hat
 81301 | Snake:3  | Identified the +2 hat of Fuasch {*Corrode rPois MR+ Str+3}
                  | (You acquired it on level 3 of the Snake Pit)
 81519 | Depths:1 | Entered Level 1 of the Depths
 81772 | Depths:1 | Reached skill level 1 in Necromancy
 81772 | Depths:1 | Reached skill level 1 in Transmutations
 83419 | Depths:1 | Found a one-way gate leading to the halls of Pandemonium.
 83622 | Depths:1 | Reached XP level 22. HP: 148/174 MP: 27/48
 83624 | Depths:1 | Noticed Saint Roka
 83708 | Depths:1 | Killed Saint Roka
 83708 | Depths:1 | Reached skill level 5 in Transmutations
 83889 | Depths:1 | Reached skill level 5 in Necromancy
 84137 | Depths:1 | Found a gateway to Hell.
 84382 | Depths:1 | Found Ahanap's Armour Emporium.
 84446 | Depths:2 | Noticed Margery
 84454 | Depths:2 | Killed Margery
 88330 | Depths:3 | Reached XP level 23. HP: 181/181 MP: 43/51
 89181 | Depths:3 | Found a one-way gate to the infinite horrors of the Abyss.
 89659 | Depths:3 | Found a gateway to a ziggurat.
 89909 | Depths:3 | Reached skill level 10 in Transmutations
 90198 | Depths:4 | Reached skill level 10 in Necromancy
 91400 | Depths:4 | Found Wofeotul's Book Emporium.
 91403 | Depths:4 | Bought a book of the Sky for 845 gold pieces
 91485 | Depths:5 | Entered Level 5 of the Depths
 94827 | Depths:5 | Reached XP level 24. HP: 171/189 MP: 38/52
 95501 | Depths:5 | Found a gate to the Realm of Zot.
 96674 | Orc:2    | Bought a book of Annihilations for 1545 gold pieces
 96685 | Orc:2    | Learned a level 9 spell: Fire Storm
 96842 | Vaults:5 | Entered Level 5 of the Vaults
 96849 | Vaults:5 | Noticed an ancient lich
 97024 | Vaults:5 | Killed an ancient lich
 97769 | Vaults:5 | Identified the amulet of the Exiled Places {Regen+ SInv}
                  | (You found it on level 5 of the Vaults)
 97946 | Vaults:5 | Learned a level 6 spell: Deflect Missiles
 98090 | Vaults:5 | Identified the +2 pair of boots of Distant Worlds {Dex+5}
                  | (You found it on level 5 of the Vaults)
 98137 | Vaults:5 | Reached skill level 1 in Charms
 98289 | Vaults:5 | Reached XP level 25. HP: 194/194 MP: 12/53
 98738 | Vaults:5 | Identified the amulet "Foekhl Orat" {*Slow rElec MR+ Regen+
                  | Dex+4}
 99829 | Vaults:5 | Got a silver rune of Zot
100233 | Crypt:1  | Entered Level 1 of the Crypt
101538 | Crypt:2  | Reached skill level 5 in Air Magic
102502 | Crypt:2  | Found a runed translucent gate.
102502 | Crypt:2  | Found a runed translucent gate.
102503 | Crypt:2  | Found a runed translucent gate.
102503 | Crypt:2  | Noticed Ywuol's ghost (veteran GrFi)
102531 | Crypt:2  | Reached skill level 5 in Charms
102537 | Crypt:2  | Killed Ywuol's ghost
102688 | Crypt:2  | Found a runed translucent gate.
102688 | Crypt:2  | Found a runed translucent gate.
102701 | Crypt:2  | Found a runed translucent gate.
102708 | Crypt:2  | Noticed Frederick
102714 | Crypt:2  | Killed Frederick
103425 | Crypt:2  | Reached skill level 15 in Transmutations
103434 | Crypt:2  | Reached skill level 15 in Necromancy
103864 | Crypt:2  | Noticed Xtahua
103867 | Crypt:2  | Killed Xtahua
103997 | Crypt:3  | Entered Level 3 of the Crypt
105545 | Crypt:3  | Found a staircase to the Tomb.
106063 | Crypt:3  | Found a basalt altar of Yredelemnul.
106362 | Crypt:3  | Reached XP level 26. HP: 184/201 MP: 22/53
107464 | Crypt:3  | Identified the ring "Diwk" {+Inv rN+} (You found it on
                  | level 3 of the Crypt)
107465 | Crypt:3  | Identified the ring "Nolor" {+Inv rC++ rN+ MP+9 Int-5} (You
                  | found it on level 3 of the Crypt)
108024 | Snake:3  | Bought a book of Summonings for 910 gold pieces
108030 | Snake:3  | Learned a level 5 spell: Aura of Abjuration
108048 | Snake:3  | Learned a level 6 spell: Invisibility
108342 | Zig:1    | Entered Level 1 of a ziggurat
108430 | Zig:2    | Entered Level 2 of a ziggurat
108532 | Zig:3    | Entered Level 3 of a ziggurat
108535 | Zig:3    | Noticed Udghe the pandemonium lord
108536 | Zig:3    | Found the +5 scythe "Finisher" {speed, eviscerate}
108554 | Zig:3    | Killed Udghe the pandemonium lord
108780 | Zig:4    | Entered Level 4 of a ziggurat
108785 | Zig:4    | Paralysed by you for 2 turns
108913 | Zig:5    | Entered Level 5 of a ziggurat
109011 | Zig:6    | Entered Level 6 of a ziggurat
109219 | Zig:7    | Entered Level 7 of a ziggurat
109328 | Zig:7    | Identified the ring of Ruhiuv {+Blink +Fly Dex+2} (You
                  | found it on level 7 of a ziggurat)
109362 | Zig:8    | Entered Level 8 of a ziggurat
109464 | Zig:9    | Entered Level 9 of a ziggurat
109606 | Zig:10   | Entered Level 10 of a ziggurat
109768 | Zig:11   | Entered Level 11 of a ziggurat
109847 | Zig:11   | Identified the ring of Napuutau {rN+ MR+ Int+3} (You found
                  | it on level 11 of a ziggurat)
109936 | Zig:12   | Entered Level 12 of a ziggurat
110053 | Zig:12   | Identified the +1 cloak of the Fisher {MR+} (You found it
                  | on level 12 of a ziggurat)
110058 | Zig:12   | Reached XP level 27. HP: 200/209 MP: 36/53
110060 | Zig:12   | Identified the Incunabulum of Virous Stones
110173 | Zig:13   | Entered Level 13 of a ziggurat
110182 | Zig:13   | Noticed a juggernaut
110187 | Zig:13   | Killed a juggernaut
110273 | Zig:13   | Identified Sif Muna's Tome of the Sinister Birds
110344 | Zig:14   | Entered Level 14 of a ziggurat
110492 | Zig:14   | Identified the Catalogue of Igneous Darkness
110507 | Zig:15   | Entered Level 15 of a ziggurat
110525 | Zig:15   | Found the +6 lightning scales {run, rElec}
110692 | Zig:16   | Entered Level 16 of a ziggurat
110701 | Zig:16   | Noticed an ancient lich
110704 | Zig:16   | Killed an ancient lich
110735 | Zig:16   | Reached skill level 15 in Evocations
110741 | Zig:16   | Found the +7 sceptre of Torment {pain, torment}
110971 | Zig:17   | Entered Level 17 of a ziggurat
111332 | Zig:17   | Gained mutation: You are occasionally teleported next to
                  | monsters. [potion of mutation]
111332 | Zig:17   | Gained mutation: You have a pair of small antennae on your
                  | head. [potion of mutation]
111332 | Zig:17   | Gained mutation: You possess an exceptional clarity of
                  | mind. [potion of mutation]
111333 | Zig:17   | Lost mutation: You possess an exceptional clarity of mind.
                  | [potion of mutation]
111333 | Zig:17   | Lost mutation: You have a pair of small antennae on your
                  | head. [potion of mutation]
111333 | Zig:17   | Gained mutation: You are agile. (Dex +2) [potion of
                  | mutation]
111333 | Zig:17   | Gained mutation: You possess an exceptional clarity of
                  | mind. [potion of mutation]
111334 | Zig:17   | Lost mutation: You are occasionally teleported next to
                  | monsters. [potion of mutation]
111334 | Zig:17   | Lost mutation: You possess an exceptional clarity of mind.
                  | [potion of mutation]
111334 | Zig:17   | Lost mutation: You are agile. (Dex +2) [potion of mutation]
111334 | Zig:17   | Gained mutation: You have sharp toenails. [potion of
                  | mutation]
111334 | Zig:17   | Gained mutation: You are partially covered in molten
                  | scales. (AC +2) [potion of mutation]
111334 | Zig:17   | Gained mutation: You have supernaturally acute eyesight.
                  | (SInv) [potion of mutation]
111334 | Zig:17   | Gained mutation: You possess an exceptional clarity of
                  | mind. [potion of mutation]
111346 | Zig:18   | Entered Level 18 of a ziggurat
111413 | Zig:18   | Got a scorched golden ring
111414 | Zig:18   | Identified the ring "Abbiweal" {rF++ Str+4} (You found it
                  | on level 18 of a ziggurat)
111530 | Zig:19   | Entered Level 19 of a ziggurat
111535 | Zig:19   | Noticed Edodais the pandemonium lord
111535 | Zig:19   | Noticed Ejummap the pandemonium lord
111542 | Zig:19   | Killed Edodais the pandemonium lord
111545 | Zig:19   | Killed Ejummap the pandemonium lord
111556 | Zig:19   | Noticed Qongopn the pandemonium lord
111561 | Zig:19   | Noticed Gughosho the pandemonium lord
111565 | Zig:19   | Noticed Muecki Naute the pandemonium lord
111570 | Zig:19   | Noticed Nogrip the pandemonium lord
111571 | Zig:19   | Noticed Xaguakk the pandemonium lord
111590 | Zig:20   | Entered Level 20 of a ziggurat
111783 | Zig:20   | HP: 9/209 [alligator snapping turtle (45)]
112310 | Zig:21   | Entered Level 21 of a ziggurat
112389 | Zig:21   | Found the +6 Majin-Bo {vamp, Archmagi MP+6 Int+6}
112399 | Zig:21   | Got a crude amber ring
112400 | Zig:21   | Identified the ring "Onkiuh" {rPois rC+ Str-3 Int+6 Dex+3}
                  | (You found it on level 21 of a ziggurat)
112443 | Zig:21   | Identified the cursed +0 pair of boots of the Curious Eyes
                  | {rF+} (You found it on level 21 of a ziggurat)
112446 | Zig:21   | Got a shimmering glass ring
112447 | Zig:21   | Identified the ring "Umynorom" {Ice rN+ Int+8 Slay-4} (You
                  | found it on level 21 of a ziggurat)
112529 | Zig:22   | Entered Level 22 of a ziggurat
112786 | Zig:23   | Entered Level 23 of a ziggurat
112815 | Zig:23   | Found the amulet of Vitality {Regen+ HP+15}
112981 | Zig:24   | Entered Level 24 of a ziggurat
112989 | Zig:24   | Noticed Petaut the pandemonium lord
112990 | Zig:24   | Noticed Pokhien the pandemonium lord
112990 | Zig:24   | Noticed Huhasm Diozu the pandemonium lord
113001 | Zig:24   | Killed Petaut the pandemonium lord
113005 | Zig:24   | Noticed Ejicei the pandemonium lord
113008 | Zig:24   | Noticed Ynat the pandemonium lord
113016 | Zig:24   | Noticed Umamogig the pandemonium lord
113018 | Zig:24   | Killed Ejicei the pandemonium lord
113018 | Zig:24   | Noticed Logauck the pandemonium lord
113018 | Zig:24   | Noticed Iteomim the pandemonium lord
113021 | Zig:24   | Noticed Sacim the pandemonium lord
113021 | Zig:24   | Noticed Laug the pandemonium lord
113022 | Zig:24   | Noticed Cuotaghe the pandemonium lord
113025 | Zig:24   | Noticed Iloaniog the pandemonium lord
113028 | Zig:24   | Noticed Hiudecwa the pandemonium lord
113028 | Zig:24   | Noticed Veupeof the pandemonium lord
113029 | Zig:24   | Noticed Morhol the pandemonium lord
113032 | Zig:24   | Identified the ring "Keqewih" {Dex+5 Stlth+} (You found it
                  | on level 24 of a ziggurat)
113037 | Zig:24   | Identified the ring of Voosecsa {rC+ MR+ Slay+3 SInv} (You
                  | found it on level 24 of a ziggurat)
113040 | Zig:25   | Entered Level 25 of a ziggurat
113124 | Zig:25   | HP: 10/209 [green death/poison arrow (5)]
113172 | Zig:25   | Found the +3 hat of Pondering {ponderous, MR+ MP+10 Int+5}
113174 | Zig:25   | Found the +5 demon whip "Spellbinder" {antimagic, MR+}
113634 | Zig:25   | Got a clouded jade amulet
113635 | Zig:25   | Identified the amulet "Jer Ogy" {RegenMP rC+ Dex+4 Stlth+}
                  | (You found it on level 25 of a ziggurat)
113646 | Zig:25   | Got a shimmering lapis lazuli ring
113647 | Zig:25   | Identified the ring "Hanohaf" {*Tele rPois rC+ rN+ MP+9}
                  | (You found it on level 25 of a ziggurat)
113667 | Zig:25   | Identified Jyvvuer's Handbook of Fiery Calling
113670 | Zig:25   | Identified Vegahut's Catalogue of the Harmful Snowflakes
113674 | Zig:25   | Got a faintly glowing lead ring
113675 | Zig:25   | Identified the ring of Satisfaction {rPois MR+ Int+4} (You
                  | found it on level 25 of a ziggurat)
113699 | Zig:26   | Entered Level 26 of a ziggurat
113734 | Zig:26   | Paralysed by accursed screaming for 2 turns
113738 | Zig:27   | Entered Level 27 of a ziggurat
113787 | Zig:27   | HP: 9/209 [black draconian monk (23)]
113797 | Zig:27   | HP: 6/209 [purple draconian/bolt of dispelling energy (29)]
113802 | Zig:27   | HP: 1/209 [acid (9)]
113803 | Zig:27   | Killed from afar by a red draconian knight

Levels and vault maps discovered:
D:1:      ncdulo_smallfort, layout_basic, minmay_quantized
D:2:      layout_rooms, nemelex_altar_shiori, minmay_fountain_box,
          serial_bayou_ford_a
D:3:      layout_basic
D:4:      layout_layer_cave, evilmike_ruin_ashenzari,
          gammafunk_temple_overflow_pools, minmay_temple_entry_overgrown,
          minmay_joined_circles
D:5:      layout_loops_ring, first_ration,
          nicolae_dithmenos_through_a_glass_darkly
D:6:      minmay_razor_zed, layout_basic, portal_sewer_entry_e
D:7:      layout_loops_ring
D:8:      layout_rooms, uniq_psyche, uniq_joseph
D:9:      layout_roguey, david_lair_shrubbed, gammafunk_ghost_icy, serial_shops,
          shop
D:10:     layout_rooms, serial_rivers, chequers_serial_rivers_large_a,
          chequers_serial_rivers_room_b, chequers_serial_rivers_marsh,
          chequers_serial_rivers_room_a, chequers_serial_rivers_small_3,
          chequers_serial_rivers_micro_b, serial_shops, nicolae_shop_stone
D:11:     layout_rooms
D:12:     old_forge, layout_basic, orc_0_dummy, gauntlet_entry_generic,
          serial_shops, shop, david_nohive_1, nrook_mini_backslash,
          minmay_more_statues, uniq_snorg, uniq_sonja
D:13:     layout_cave_pods, serial_shops, shop, basic_altar
D:14:     minmay_outward_triangles, layout_irregular_city,
          ximxim_vaults_locker_room, basic_altar, kennysheep_cluttered_room,
          kennysheep_generic_room_13, uniq_azrael
D:15:     hangedman_depths_entry_try_elsewhere_first, layout_rooms,
          nicolae_benzene_ring, trog_wizard
Temple:   regret_index_temple_mists
Lair:1:   cheibrodos_lair_river_kwai, layout_small_grid,
          nicolae_volcano_entry_hallway, minmay_lair_oklob_chamber,
          grunt_megastairs_5, serial_bayou_shore_a, infiniplex_staircase_pool
Lair:2:   layout_misc_corridors, minmay_shoals_entry_centaurs, serial_rivers,
          chequers_serial_rivers_large_b, chequers_serial_rivers_micro_c,
          chequers_serial_rivers_small_a, chequers_serial_rivers_small_a,
          chequers_serial_rivers_room_a, uniq_gastronok
Lair:3:   layout_cave_shapes, minmay_snake_entry_six_corridors,
          serial_bayou_pond_d
Lair:4:   layout_small_grid, basic_altar, minivault_24, minmay_lindwurm_lava,
          lemuel_fruit_tree, uniq_rupert, uniq_kirke
Lair:5:   layout_long_grid, basic_altar, minmay_shattered_shrine, uniq_josephine
Lair:6:   guppyfry_lair_end_dragon, layout_loops_ring, slime_altar_1
Shoals:1: layout_shoals, serial_shops, nicolae_shop_behind_doors,
          nicolae_shoals_aquamancer_cove
Shoals:2: layout_shoals, regret_index_shoals_crete
Shoals:3: layout_shoals, yaktaur_hedge, uniq_bai_suzhen
Shoals:4: shoals_end_grunt_ice, layout_shoals, shoal_ilsuiw,
          nicolae_shoals_water_shrine
Snake:1:  layout_gridlike
Snake:2:  layout_basic, serial_bayou_pond_a, minmay_shoptagon, uniq_asterion
Snake:3:  layout_layer_cave, drop_trap, minmay_shop_star
Snake:4:  snake_pit_salamanders_mu, layout_layer_cave, serial_shops,
          nicolae_shop_waterfront, basic_altar, uniq_aizul
Orc:1:    layout_caves, serial_shops, shop, trog_butcher_becter
Orc:2:    st_orc_rangers, layout_caves, gammafunk_ghost_grave, serial_shops,
          shop
Elf:1:    layout_loops_corners, serial_shops, shop_statue, nicolae_shop_crystal,
          nicolae_trove_entry_crystal, gammafunk_ghost_tricky_traps,
          minmay_elf_sorcery
Elf:2:    layout_gridlike, uniq_nikola
Elf:3:    elf_hall, layout_onion_city
Vaults:1: nicolae_vaults_little_squares_4, ontoclasm_vaults_misaligned,
          v_misc_18, nicolae_vaults_ninety_degrees, vaults_room_door_hall,
          v_pattern_4, vaults_room_pool, vaults_mumra_minichess_inversion,
          layout_vaults_omnigrid
Vaults:2: ontoclasm_vaults_misaligned, ontoclasm_vaults_spin,
          vaults_dpeg_diagonal, grunt_vaults_diagonal,
          nicolae_vaults_network_square, v_alt_pattern_3, v_alt_pattern_2,
          hangedman_vaults_nodes, vaults_room_door_hall, layout_vaults_omnicross
Vaults:3: hangedman_vaults_stagger, minmay_crypt_entry_simple_statues,
          nicolae_vaults_fighting_squares, hangedman_vaults_hat, v_misc_30,
          nicolae_vaults_ring_of_whatevers, dpeg_vaults_monster_box,
          v_pattern_3, vaults_room_stairs_pillars, ontoclasm_vaults_fault,
          ontoclasm_vaults_decontamination, hangedman_vaults_cutoff,
          vaults_room_octagon, ontoclasm_vaults_ligature,
          ontoclasm_vaults_gateway, layout_vaults_maze_bifur
Vaults:4: nicolae_vaults_network_s, v_misc_27, v_misc_32, vaults_room_door_hall,
          nicolae_vaults_little_squares_4, hangedman_vaults_cutoff,
          vaults_room_corners, kb_rosetta, nicolae_vaults_circle_grid_b,
          v_misc_17, nicolae_vaults_theta, layout_vaults_omnibox
Vaults:5
Crypt:1:  layout_misc_corridors, st_stairs_11
Crypt:2:  layout_gridlike, gammafunk_ghost_necromancy, pandoras_box_mu,
          grunt_megastairs_1, uniq_frederick, uniq_xtahua
Crypt:3:  evilmike_haunted_forest
Depths:1: layout_small_grid, hell_entry, rand_demon_pan_entry_5, serial_shops,
          kennysheep_mini_moat, minmay_serpent_palace, grunt_megastairs_3,
          uniq_saint_roka
Depths:2: wad_guarded_room, layout_cave_shapes, special_room
          [special_room_mythical_zoo], pan_entry, minivault_11,
          grunt_metal_band, library_closet, grunt_ministairs_8,
          kennysheep_generic_room_10
Depths:3: minmay_the_grid_square_5x5_5x5 [minmay_the_grid_square_5x5_minimal,
          minmay_the_grid_square_5x5_inverted_slash,
          minmay_the_grid_square_5x5_six_small,
          minmay_the_grid_square_5x5_inset, minmay_the_grid_square_5x5_corner,
          minmay_the_grid_square_5x5_half_checkered,
          minmay_the_grid_square_5x5_prize_open,
          minmay_the_grid_square_5x5_two_walls_a,
          minmay_the_grid_square_5x5_prize_deathbox,
          minmay_the_grid_square_5x5_checkered_statues,
          minmay_the_grid_square_5x5_seven, minmay_the_grid_square_5x5_eight,
          minmay_the_grid_square_5x5_prize_itemx,
          minmay_the_grid_square_5x5_inner_v,
          minmay_the_grid_square_5x5_beaten_path,
          minmay_the_grid_square_5x5_tri_point,
          minmay_the_grid_square_5x5_prize_rear_guard,
          minmay_the_grid_square_5x5_z, minmay_the_grid_square_5x5_prize_gold,
          minmay_the_grid_square_5x5_pentomino_r,
          minmay_the_grid_square_5x5_longway,
          minmay_the_grid_square_5x5_bracketed,
          minmay_the_grid_square_5x5_one_wall,
          minmay_the_grid_square_5x5_intrusive_squares,
          minmay_the_grid_square_5x5_three_small], layout_twisted_cross,
          enter_ziggurat_c, hell_entry, chequers_serial_rivers_micro_c,
          abyss_entry, rand_demon_pan_entry_3, infiniplex_staircase_spiral
Depths:4: hangedman_elemental_death_ray, layout_gridville,
          grunt_pan_entry_spiral, hell_entry, abyss_entry, serial_shops,
          kennysheep_mini, dk_noncrumbling_3
Depths:5: grunt_runaround [grunt_runaround_doors_1, grunt_runaround_doors_2,
          grunt_runaround_doors_3, grunt_runaround_doors_4,
          grunt_runaround_zot], hell_entry, pan_entry
Zig:27

Skill      XL: |  1  2  3  4  5  6  7  8  9 10 11 12 13 14 15 16 17 18 19 20 21 22 23 24 25 26 27 |
---------------+----------------------------------------------------------------------------------+-----
Conjurations   | 1 2 3 4 5 7 8 11 12 13 14 15 16 18 23 | 23.0
Maces & Flails | 1 2 4 |  4.1
Spellcasting   | 3 4 5 6 9 10 11 12 14 15 16 17 18 19 20 | 20.0
Throwing       | 1 2 4 |  4.2
Dodging        | 3 6 7 9 10 | 10.0
Air Magic      | 2 3 7 8 |  8.0
Poison Magic   | 2 6 7 |  7.0
Fire Magic     | 1 2 5 7 9 11 13 17 20 23 | 23.0
Evocations     | 1 6 8 10 12 20 | 20.6
Fighting       | 8 10 | 10.0
Shields        | 4 |  4.1
Earth Magic    | 5 10 | 10.0
Necromancy     | 4 9 11 14 15 16 | 16.0
Transmutations | 4 9 11 14 15 16 | 16.0
Charms         | 1 7 8 |  8.0
Stealth        | |  1.7
Summonings     | |  0.8
Translocations | |  0.8

Action                   |  1- 3 |  4- 6 |  7- 9 | 10-12 | 13-15 | 16-18 | 19-21 | 22-24 | 25-27 || total
-------------------------+-------+-------+-------+-------+-------+-------+-------+-------+-------++-------
Melee: Dagger            |    45 |     6 |       |       |       |       |       |       |       ||    51
       Whip              |       |   111 |   196 |   544 |   336 |    16 |       |       |       ||  1203
       Staff             |       |       |       |     7 |    70 |       |    23 |    17 |    31 ||   148
Throw: Dart              |     1 |    23 |    47 |    34 |    32 |       |     1 |     7 |     4 ||   149
 Cast: Magic Dart        |    71 |    40 |   242 |    60 |     1 |       |       |       |       ||   414
       Mephitic Cloud    |       |     8 |    29 |    28 |     2 |       |       |       |       ||    67
       Conjure Flame     |       |       |     4 |     2 |       |       |       |       |       ||     6
       Iskenderun's Myst |       |       |       |   138 |   421 |     1 |       |       |       ||   560
       Blink             |       |       |       |     1 |       |       |       |       |       ||     1
       Apportation       |       |       |       |       |     9 |       |       |       |       ||     9
       Olgreb's Toxic Ra |       |       |       |       |    16 |     1 |       |       |       ||    17
       Bolt of Magma     |       |       |       |       |   228 |   121 |       |       |       ||   349
       Iron Shot         |       |       |       |       |     6 |   185 |    56 |   205 |   116 ||   568
       Bolt of Fire      |       |       |       |       |       |   280 |   425 |   282 |   290 ||  1277
       Fireball          |       |       |       |       |       |    56 |   143 |    10 |       ||   209
       Ignition          |       |       |       |       |       |       |    58 |    97 |   169 ||   324
       Necromutation     |       |       |       |       |       |       |       |       |    31 ||    31
       Fire Storm        |       |       |       |       |       |       |       |       |    27 ||    27
       Deflect Missiles  |       |       |       |       |       |       |       |       |     2 ||     2
       Aura of Abjuratio |       |       |       |       |       |       |       |       |     1 ||     1
 Abil: End Transformatio |       |       |       |       |       |       |       |       |     6 ||     6
Evoke: Wand              |       |     1 |    11 |    12 |    39 |    30 |     7 |    21 |    29 ||   150
       Box of beasts     |       |       |       |     3 |       |       |       |       |    13 ||    16
       Fan of gales      |       |       |       |       |     2 |       |       |     1 |     1 ||     4
       Lightning rod     |       |       |       |       |    10 |    14 |    17 |    14 |     8 ||    63
       Lamp of fire      |       |       |       |       |       |       |     1 |     4 |     7 ||    12
       Staff of energy   |       |       |       |       |       |       |       |       |   118 ||   118
  Use: Scroll            |     1 |    10 |     7 |     8 |    22 |     9 |    13 |     8 |    49 ||   127
       Potion            |       |       |     1 |       |     7 |       |     3 |    12 |    53 ||    76
 Stab: Confused          |       |       |     7 |     3 |       |       |       |       |       ||    10
       Sleeping          |       |       |     4 |     5 |       |       |       |       |       ||     9
       Distracted        |       |       |       |     2 |       |       |       |       |       ||     2
       Paralysed         |       |       |       |     2 |    14 |       |       |       |       ||    16
  Eat: Ration            |     1 |     2 |     3 |     7 |    15 |    19 |    12 |    12 |    11 ||    82
       Chunk             |       |     5 |    12 |    13 |    19 |    29 |    32 |    12 |     6 ||   128
Armor: Robe              |    14 |    21 |    43 |       |   138 |    47 |    27 |    67 |   131 ||   488
       Troll leather arm |       |       |       |   173 |       |       |       |       |       ||   173
Dodge: Dodged            |    49 |    74 |   152 |   454 |   425 |   130 |   158 |   221 |   335 ||  1998
       Deflected         |       |       |       |     3 |    34 |    40 |    46 |    34 |     8 ||   165
Block: Buckler           |       |       |       |       |   216 |    93 |    95 |    84 |   149 ||   637

Table legend:
 A = Non-vault XP
 B = Vault XP
 C = Vault XP percentage of total XP
 D = Non-vault monster count
 E = Vault monster count
 F = Vault count percentage of total count
                 A         B        C        D         E       F
            +---------+---------+-------+---------+---------+-------
      Total | 1511253 |  879060 |  36.8 |    2245 |    1102 |  32.9
            +---------+---------+-------+---------+---------+-------
        D:1 |      19 |       3 |  13.6 |      11 |       3 |  21.4
        D:2 |      85 |       0 |   0.0 |      19 |       0 |   0.0
        D:3 |      21 |       0 |   0.0 |       8 |       0 |   0.0
        D:4 |     364 |     226 |  38.3 |      19 |      10 |  34.5
        D:5 |     666 |       0 |   0.0 |      21 |       0 |   0.0
        D:6 |     659 |     605 |  47.9 |      19 |      20 |  51.3
        D:7 |     904 |       0 |   0.0 |      23 |       0 |   0.0
        D:8 |    2670 |     439 |  14.1 |      24 |       1 |   4.0
        D:9 |    1662 |     361 |  17.8 |      19 |       1 |   5.0
       D:10 |    2279 |       0 |   0.0 |      18 |       0 |   0.0
       D:11 |    2903 |       0 |   0.0 |      29 |       0 |   0.0
       D:12 |   13419 |    4334 |  24.4 |      53 |      32 |  37.6
       D:13 |   14144 |     148 |   1.0 |      43 |       1 |   2.3
       D:14 |   17298 |   11010 |  38.9 |      59 |      18 |  23.4
       D:15 |   16973 |    2865 |  14.4 |      29 |       4 |  12.1
     Lair:1 |    2938 |    3213 |  52.2 |      22 |       9 |  29.0
     Lair:2 |    3163 |    2785 |  46.8 |      14 |       6 |  30.0
     Lair:3 |    5736 |    2377 |  29.3 |      25 |      16 |  39.0
     Lair:4 |    9229 |    5958 |  39.2 |      38 |       9 |  19.1
     Lair:5 |    6067 |    4924 |  44.8 |      19 |      11 |  36.7
     Lair:6 |   11562 |    4059 |  26.0 |      32 |      16 |  33.3
   Shoals:1 |   23777 |    3671 |  13.4 |      46 |       4 |   8.0
   Shoals:2 |   11148 |    7850 |  41.3 |      22 |      14 |  38.9
   Shoals:3 |   10178 |    5879 |  36.6 |      20 |       2 |   9.1
   Shoals:4 |   26141 |   30342 |  53.7 |      44 |      44 |  50.0
    Snake:1 |   15612 |       0 |   0.0 |      30 |       0 |   0.0
    Snake:2 |   23192 |    2598 |  10.1 |      39 |       1 |   2.5
    Snake:3 |   24789 |       0 |   0.0 |      39 |       0 |   0.0
    Snake:4 |   24174 |   49216 |  67.1 |      50 |      67 |  57.3
      Orc:1 |    4122 |     500 |  10.8 |      35 |       6 |  14.6
      Orc:2 |    5350 |    4837 |  47.5 |      35 |      39 |  52.7
      Elf:1 |   27151 |    7345 |  21.3 |      45 |      11 |  19.6
      Elf:2 |   21789 |     913 |   4.0 |      41 |       1 |   2.4
      Elf:3 |   10822 |   49416 |  82.0 |      16 |      33 |  67.3
   Vaults:1 |   26961 |   22171 |  45.1 |      57 |      34 |  37.4
   Vaults:2 |   48836 |   19829 |  28.9 |      85 |      23 |  21.3
   Vaults:3 |   38320 |   29107 |  43.2 |      60 |      44 |  42.3
   Vaults:4 |   17943 |   27651 |  60.6 |      25 |      32 |  56.1
   Vaults:5 |   31929 |  144619 |  81.9 |      45 |      95 |  67.9
    Crypt:1 |   21633 |     202 |   0.9 |      29 |       1 |   3.3
    Crypt:2 |   55636 |   35076 |  38.7 |      67 |      40 |  37.4
    Crypt:3 |       0 |   71095 | 100.0 |       0 |     106 | 100.0
   Depths:1 |   51449 |   37057 |  41.9 |      74 |      66 |  47.1
   Depths:2 |   45455 |   51561 |  53.1 |      55 |      53 |  49.1
   Depths:3 |   21494 |   63377 |  74.7 |      26 |      56 |  68.3
   Depths:4 |   15596 |   10940 |  41.2 |      18 |      27 |  60.0
   Depths:5 |       0 |  154102 | 100.0 |       0 |     107 | 100.0
      Zig:1 |    2156 |       0 |   0.0 |       2 |       0 |   0.0
      Zig:2 |    2075 |       0 |   0.0 |       3 |       0 |   0.0
      Zig:3 |   16524 |       0 |   0.0 |       2 |       0 |   0.0
      Zig:4 |    8188 |       0 |   0.0 |       4 |       0 |   0.0
      Zig:5 |    7840 |       0 |   0.0 |       5 |       0 |   0.0
      Zig:6 |    8231 |       0 |   0.0 |       9 |       0 |   0.0
      Zig:7 |    9321 |       0 |   0.0 |      13 |       0 |   0.0
      Zig:8 |    9425 |       0 |   0.0 |      20 |       0 |   0.0
      Zig:9 |   18433 |       0 |   0.0 |      12 |       0 |   0.0
     Zig:10 |   22728 |       0 |   0.0 |      15 |       0 |   0.0
     Zig:11 |   20162 |       0 |   0.0 |      16 |       0 |   0.0
     Zig:12 |   18951 |       0 |   0.0 |      26 |       0 |   0.0
     Zig:13 |   24510 |       0 |   0.0 |      33 |       0 |   0.0
     Zig:14 |   23925 |       0 |   0.0 |      27 |       0 |   0.0
     Zig:15 |   25665 |       0 |   0.0 |      38 |       0 |   0.0
     Zig:16 |   50214 |       0 |   0.0 |      28 |       0 |   0.0
     Zig:17 |   28668 |       0 |   0.0 |      41 |       0 |   0.0
     Zig:18 |   41004 |       0 |   0.0 |      43 |       0 |   0.0
     Zig:19 |   35245 |       0 |   0.0 |      13 |       0 |   0.0
     Zig:20 |   48179 |       0 |   0.0 |      49 |       0 |   0.0
     Zig:21 |   61039 |       0 |   0.0 |      40 |       0 |   0.0
     Zig:22 |   58242 |       0 |   0.0 |      56 |       0 |   0.0
     Zig:23 |   70110 |       0 |   0.0 |      62 |       0 |   0.0
     Zig:24 |   33321 |       0 |   0.0 |       7 |       0 |   0.0
     Zig:25 |   89119 |       0 |   0.0 |      72 |       0 |   0.0
     Zig:26 |   19546 |       0 |   0.0 |      34 |       0 |   0.0
     Zig:27 |   42174 |       0 |   0.0 |      28 |       0 |   0.0
      Sewer |       0 |     873 | 100.0 |       0 |      28 | 100.0
    Volcano |       0 |    5526 | 100.0 |       0 |      11 | 100.0
            +---------+---------+-------+---------+---------+-------
